 Dungeon Crawl Stone Soup version 0.17-a0-1504-gb7d9117 (webtiles) character file.

3182 urechis the Basher (level 9, 0/102 HPs)
             Began as an Ogre Gladiator on July 8, 2015.
             Was an Initiate of Ru.
             Slain by Erica
             ... wielding a +1 scimitar of flaming
              (4 damage)
             ... on level 9 of the Dungeon.
             The game lasted 00:19:36 (8087 turns).

urechis the Basher (Ogre Gladiator)                 Turns: 8087, Time: 00:19:36

Health: 0/102      AC:  6    Str: 25    XL:     9   Next: 95%
Magic:  9/9        EV: 10    Int:  7    God:    Ru [......]
Gold:   421        SH:  0    Dex: 10    Spells: 0 memorised, 8 levels left

rFire  . . .     SeeInvis .     a - +4 giant spiked club
rCold  . . .     Clarity  .     l - +0 robe
rNeg   . . .     SustAt   .     (no shield)
rPois  +         Gourm    .     (helmet restricted)
rElec  .         Spirit   .     (no cloak)
rCorr  .         Warding  .     (gloves unavailable)
rMut   .         Stasis   .     (boots unavailable)
MR     .....                    (no amulet)
Stlth  +.........               r - +3 ring of protection
                                s - ring of poison resistance

@: not resistant to hostile enchantments, very unstealthy
A: unfitting armour, tough skin 1
a: Renounce Religion


You were on level 9 of the Dungeon.
You worshipped Ru.
Ru was noncommittal.
You were not hungry.

You visited 2 branches of the dungeon, and saw 10 of its levels.
You also visited: Ossuary.

You collected 421 gold pieces.

Inventory:

Hand weapons
 a - a +4 giant spiked club (weapon)
 b - a +2 flail of protection
Missiles
 e - 4 throwing nets
 m - 6 large rocks
 y - 17 tomahawks (quivered)
 C - 12 poisoned needles
 H - 4 needles of confusion
Armour
 l - a +0 robe (worn)
Jewellery
 r - a +3 ring of protection (right hand)
 s - a ring of poison resistance (left hand)
 G - an uncursed ring of flight
Scrolls
 c - 3 scrolls of teleportation
 g - a scroll of fog
 i - 3 scrolls of remove curse
 n - 3 scrolls of magic mapping
 t - a scroll of fear
 D - 2 scrolls of identify
 E - a scroll of recharging {unknown}
 F - a scroll of amnesia {unknown}
 I - a scroll of holy word {unknown}
Potions
 f - 3 potions of curing
 h - a potion of flight {unknown}
 j - 2 potions of brilliance {unknown}
 k - 2 potions of mutation {unknown}
 o - a potion of berserk rage {unknown}
 p - 3 potions of lignification {unknown}
 q - 3 potions of agility {unknown}
 u - a potion of heal wounds {unknown}
 v - a potion of degeneration {unknown}
 w - a potion of invisibility {unknown}
 x - a potion of ambrosia {unknown}
 z - 2 potions of haste
 A - a potion of poison {unknown}
Comestibles
 d - 7 bread rations
 B - 4 fruits


   Skills:
 + Level 10.5 Fighting
 * Level 14.2 Maces & Flails
 - Level 2.1 Throwing
 - Level 2.6 Dodging


You had 8 spell levels left.
You didn't know any spells.

Dungeon Overview and Level Annotations

Branches:
Dungeon (9/15)             Temple (1/1) D:7
   Lair: D:8-11         Orc: D:9-12

Altars:
Ashenzari
Cheibriados
Dithmenos
Elyvilon
Fedhas
Gozag
Kikubaaqudgha
Makhleb
Nemelex Xobeh
Okawaru
Qazlal
Ru
Sif Muna
Trog
Vehumet
Xom
Yredelemnul
Zin
The Shining One

Annotations:
D:8 Erica
D:9 Maurice


Innate Abilities, Weirdness & Mutations

You are too large for most types of armour.
You have tough skin (AC +1).


Message History

* * * LOW HITPOINT WARNING * * *
Drink which item? (? for menu, Esc to quit)
You feel better. Something hits you but does no damage. Something hits you.
* * * LOW HITPOINT WARNING * * *
Something burns you.
* * * LOW HITPOINT WARNING * * *
Things that are here:
a ring mail; a quokka corpse; a giant frog corpse
There is a stone staircase leading down here.
Something hits you but does no damage.
You climb downwards.
Maurice the Thief comes into view.
He is wielding a short sword.
Maurice shouts!
There is a stone staircase leading up here.
Something hits you!
* * * LOW HITPOINT WARNING * * *
Something burns you.
You die...

###.########
.......@...#
...........#
...........#
...........#
...........#
......@....#
.########..#
...


You could see Maurice.

Vanquished Creatures
  Eustachio (D:5)
  Duvessa (D:6)
  2 phantoms (D:5)
  An ogre (D:6)
  2 orc warriors
  3 sky beasts
  An ice beast (D:6)
  A necrophage (D:7)
  8 giant frogs
  A big kobold (D:7)
  Dowan (D:6)
  A scorpion (D:5)
  4 wights (D:6)
  A water moccasin skeleton (D:5)
  2 crimson imps (D:7)
  A quasit (D:6)
  A giant frog zombie (D:6)
  2 hounds
  6 orc priests
  2 centaur skeletons (D:6)
  6 orc wizards
  4 iguanas
  3 worker ants
  3 big kobold zombies (Ossuary)
  A mummy (Ossuary)
  6 adders
  7 gnolls
  2 shadow imps
  An adder skeleton (D:5)
  3 adder zombies
  5 worms
  3 giant geckos
  21 orcs
  5 spectral bats (Ossuary)
  14 bats
  A bat simulacrum (Ossuary)
  A bat skeleton (D:5)
  2 bat zombies (D:6)
  4 giant cockroaches
  6 hobgoblins
  9 kobolds
  4 quokkas
  6 ball pythons
  2 giant newts
  9 gnoll zombies (Ossuary)
  11 goblins
  2 goblin simulacra (Ossuary)
  5 goblin zombies (Ossuary)
  A hobgoblin zombie (Ossuary)
  9 jackals
  A jackal skeleton (D:5)
  3 kobold simulacra (Ossuary)
  7 kobold zombies (Ossuary)
  4 orc zombies (Ossuary)
  16 rats
  A rat simulacrum (Ossuary)
  A spectral goblin (Ossuary)
  2 spectral rats (Ossuary)
233 creatures vanquished.

Vanquished Creatures (others)
  A quokka (D:8)
  A goblin zombie (Ossuary)
2 creatures vanquished.

Grand Total: 235 creatures vanquished

Notes
Turn   | Place    | Note
--------------------------------------------------------------
     0 | D:1      | urechis the Ogre Gladiator began the quest for the Orb.
     0 | D:1      | Reached XP level 1. HP: 22/22 MP: 1/1
   312 | D:1      | Reached XP level 2. HP: 10/31 MP: 2/2
   779 | D:1      | Reached skill level 5 in Maces & Flails
   792 | D:1      | Reached XP level 3. HP: 34/37 MP: 3/3
   903 | D:1      | Found a blossoming altar of Fedhas.
   903 | D:1      | Found a snail-covered altar of Cheibriados.
   903 | D:1      | Noticed an ogre
   903 | D:1      | Noticed an ogre
   904 | D:1      | Noticed an ogre
   904 | D:1      | Noticed an ogre
  1384 | D:2      | Reached XP level 4. HP: 33/48 MP: 4/4
  1815 | D:3      | Reached skill level 6 in Maces & Flails
  2052 | D:3      | Found a sparkling altar of Nemelex Xobeh.
  2384 | D:4      | Reached XP level 5. HP: 41/55 MP: 5/5
  2405 | D:4      | Found a white marble altar of Elyvilon.
  2407 | D:4      | Found a snail-covered altar of Cheibriados.
  2407 | D:4      | Found a burning altar of Makhleb.
  2408 | D:4      | Found a deep blue altar of Sif Muna.
  2409 | D:4      | Found an iron altar of Okawaru.
  2409 | D:4      | Found a stormy altar of Qazlal.
  2409 | D:4      | Found a shadowy altar of Dithmenos.
  2410 | D:4      | Found an opulent altar of Gozag.
  2775 | D:4      | Reached skill level 7 in Maces & Flails
  2869 | D:4      | Found a sand-covered staircase.
  2874 | Ossuary  | Entered an ossuary
  2951 | Ossuary  | Reached XP level 6. HP: 28/65 MP: 6/6
  2970 | Ossuary  | Reached skill level 5 in Fighting
  3317 | Ossuary  | Reached skill level 8 in Maces & Flails
  3729 | D:5      | Entered Level 5 of the Dungeon
  3858 | D:5      | Noticed Eustachio
  3886 | D:5      | Killed Eustachio
  3886 | D:5      | Reached XP level 7. HP: 38/75 MP: 7/7
  3899 | D:5      | Reached skill level 9 in Maces & Flails
  4415 | D:5      | Found a bloodstained altar of Trog.
  4474 | D:5      | Reached skill level 10 in Maces & Flails
  4482 | D:5      | Reached XP level 8. HP: 53/87 MP: 8/8
  4788 | D:6      | Noticed Dowan
  4790 | D:6      | Noticed Duvessa
  5164 | D:6      | Reached skill level 11 in Maces & Flails
  5271 | D:6      | Killed Duvessa
  5280 | D:6      | Killed Dowan
  5840 | D:6      | Reached skill level 12 in Maces & Flails
  5896 | D:6      | Reached XP level 9. HP: 88/97 MP: 9/9
  6868 | D:7      | Reached skill level 13 in Maces & Flails
  7130 | D:7      | Found a staircase to the Ecumenical Temple.
  7276 | D:7      | Reached skill level 10 in Fighting
  7491 | D:7      | Reached skill level 14 in Maces & Flails
  7661 | Temple   | Entered the Ecumenical Temple
  7934 | Temple   | Became a worshipper of Ru the Awakened
  8062 | D:8      | Noticed Erica
  8086 | D:9      | Noticed Maurice
  8087 | D:9      | HP: 4/102 [something (11)]
  8087 | D:9      | Slain by Erica

Vault maps used:
D:1:      erik_arrival_cave_to_civilisation, hangedman_abyss_or_decor_stabs
D:2:      serial_forest, infiniplex_forest_clump_C, infiniplex_forest_lined_2,
          infiniplex_forest_clump_curved, infiniplex_forest_clump_small,
          infiniplex_forest_straight_3, infiniplex_forest_end_double,
          infiniplex_forest_clump_diagonal, infiniplex_forest_clump_long
D:3:      first_bread, nemelex_altar_shiori
D:4:      grunt_temple_overflow_open, enter_ossuary_2
D:5:      basic_altar, uniq_eustachio
D:6:      uniq_duvessa
D:7:      minmay_temple_entry_statues, minmay_crystal_room
D:8:      hangedman_pestilent_swarm, uniq_erica
D:9:      orc_0_dummy, grunt_ministairs_10, roderic_lattice_a, uniq_maurice
Temple:   triangle_lava_temple_11
Ossuary:  ossuary_zaba_two_paths

Action                   |  1- 3 |  4- 6 |  7- 9 || total
-------------------------+-------+-------+-------++-------
Melee: Flail             |    47 |   249 |   239 ||   535
       Giant spiked club |    55 |    23 |   116 ||   194
Throw: Tomahawk          |       |       |     5 ||     5
  Use: Scroll            |       |    10 |     3 ||    13
       Potion            |       |       |     1 ||     1
 Stab: Sleeping          |       |     2 |     1 ||     3
  Eat: Chunk             |     1 |     5 |    10 ||    16
       Meat ration       |       |     1 |     1 ||     2
